Cogmind - Beta 13 @@@ ROGUE MODE // 2024.06.18 @ 12:25:25 Player: Some Pennies Result: Destroyed by VX-TPU(R) with Subdweller Beam Cannon Performance ------------- Evolutions (0) 0 Regions Visited (2) 400 Robots Destroyed (45) 225 Value Destroyed (1071) 1071 Prototype IDs (12) 240 Alien Tech Used (0) 0 Bonus (16) 16 TOTAL SCORE: 1952 Bonus ------- High Alert Combat Kills 16 Cogmind --------- Core Integrity 0/250 Matter 270/300 Energy 280/280 System Corruption 3% Temperature Cool (9) Movement Core (1500) Ox29 Location -10/Subcaves Parts ------- > --- POWER (1) -------- Heavy Ion Engine > --- PROPULSION (2) --- (None) > --- UTILITY (2) ------ Huge Storage Unit > --- WEAPON (2) ------- (None) > --- INVENTORY (25) --- Heavy Ion Engine Heavy Ion Engine Heavy Ion Engine Improved Heat Sink Structural Scanner Seismic Detector Hardened Light Armor Plating Hardened Light Armor Plating Makeshift System Restoration Module Subdweller Laser Subdweller Laser Subdweller Beam Cannon Subdweller Beam Cannon Subdweller Beam Cannon Powered Cannon Battle Rifle Barrage Gun Barrage Gun Heavy Battle Rifle Battle Cannon Datajack Makeshift Axe Peak State ------------ > --- POWER ------------ Heavy Ion Engine > --- PROPULSION ------- Light Treads Light Treads > --- UTILITY ---------- Huge Storage Unit Seismic Detector > --- WEAPON ----------- Barrage Gun Makeshift Axe > --- INVENTORY -------- Heavy Ion Engine Heavy Ion Engine Heavy Ion Engine Light Treads Spiked Treads Improved Heat Sink Structural Scanner Hardened Light Armor Plating Hardened Light Armor Plating Hardened Light Armor Plating Hardened Light Armor Plating Subdweller Laser Subdweller Laser Subdweller Laser Subdweller Beam Cannon Subdweller Beam Cannon Powered Cannon Assault Rifle Assault Rifle Battle Rifle Heavy Battle Rifle Battle Cannon Datajack Mining Laser [Rating: 20] Favorites ----------- Power Heavy Ion Engine Engine Heavy Ion Engine Propulsion Light Treads Treads Light Treads Wheel Compact Wheel Utility Huge Storage Unit Device Seismic Detector Storage Huge Storage Unit Protection Light Armor Plating Weapon Assault Rifle Energy Gun Subdweller Laser Energy Cannon Subdweller Beam Cannon Ballistic Gun Assault Rifle Special Weapon Mining Laser Slashing Weapon Makeshift Axe Build | -11 -10 -10 ------- Run | Yrd Mat Sub Slots Evolved . | . . . Power . | . . . Propulsion . | . . . Utility . | . . . Weapon . | . . . Parts Attached 46 | 7 19 20 Power 4 | 1 3 . Engine 4 | 1 3 . Core . | . . . Reactor . | . . . Propulsion 8 | 2 3 3 Treads 7 | 1 3 3 Leg . | . . . Wheel 1 | 1 . . Hover . | . . . Flight . | . . . Utility 12 | 2 7 3 Device 6 | 1 4 1 Storage 3 | 1 2 . Processor . | . . . Hackware . | . . . Protection 3 | . 1 2 Artifact . | . . . Weapon 22 | 2 6 14 Energy Gun 4 | . . 4 Energy Cannon 5 | . . 5 Ballistic Gun 10 | 2 6 2 Ballistic Cannon . | . . . Launcher . | . . . Special Weapon 1 | . . 1 Impact Weapon . | . . . Slashing Weapon 2 | . . 2 Piercing Weapon . | . . . Special Melee Weapon . | . . . Unidentified Prototypes . | . . . Parts Lost 12 | . 1 11 Power . | . . . Propulsion 5 | . . 5 Utility 4 | . 1 3 Weapon 3 | . . 3 Highest Loss Streak 7 | . 1 7 To Critical Strikes . | . . . Average Slot Usage (%) 99 | . 99 98 Engine 14 | . 14 14 Treads 27 | . 27 27 Device 4 | . 4 4 Storage 14 | . 14 14 Protection 9 | . 8 9 Energy Gun 3 | . . 6 Energy Cannon 7 | . . 13 Ballistic Gun 15 | . 27 4 Slashing Weapon 1 | . . 3 Naked Turns . | . . . Heaviest Build 109 | 15 95 109 Greatest Support 40 | 16 40 40 Greatest Overweight (x) 33 | . 2 33 Average Overweight (x) 1 | . . 2 Largest Inventory Capacity 25 | 8 25 25 Average Capacity 20 | 7 16 25 Most Carried 25 | 5 16 25 Average Carried 18 | 2 13 23 Final Capacity 25 | 8 25 25 Final Carried 23 | 5 16 23 Class Distribution -------------------- 100% | Mutant Dominant Class ---------------- Mutant | -10/Materials Mutant | -10/Subcaves Resources | -11 -10 -10 ----------- Run | Yrd Mat Sub Matter Collected 1284 | 283 707 294 Remotely . | . . . Salvage Created 1589 | 156 883 550 Parts 95 | 8 58 29 Haulers Intercepted 2 | . 2 . Recyclers Shooed 1 | . 1 . Parts Field Recycled . | . . . Retrieved Matter . | . . . Parts Self-Destructed 10 | . . 10 Prevented . | . . . Kills | -11 -10 -10 ------- Run | Yrd Mat Sub Combat Hostiles Destroyed 30 | . 18 12 Guns 22 | . 18 4 Cannons 6 | . . 6 Classes Destroyed 10 | 2 7 1 Worker 3 | . 3 . Builder 1 | . 1 . Tunneler 4 | 3 1 . Hauler 2 | . 2 . Recycler 2 | 1 1 . Operator 1 | . 1 . Watcher 2 | . 2 . Swarmer 6 | . 6 . Grunt 12 | . 12 . Subdweller 12 | . . 12 Best Kill Streak 6 | 3 6 2 Combat Bots Only 6 | . 6 2 Max Kills in Single Turn 2 | 1 2 1 Gunslinging 1 | . 1 . Exploded . | . . . Melee . | . . . Uniques/NPCs Destroyed . | . . . Combat | -11 -10 -10 -------- Run | Yrd Mat Sub Hostile Shots Fired 166 | . 78 88 Missed 48 | . 23 25 Damage Taken 2159 | . 522 1637 Core 274 | . 29 245 Absorbed by Shields . | . . . Regen/Repaired (Parts) 197 | . 197 . Core Remaining (%) 100 | 100 . . Volleys Fired 125 | 10 76 39 Largest 2 | 2 2 2 Hottest 160 | 40 40 160 Shots Fired 248 | 20 153 75 Gun 203 | 20 153 30 Cannon 44 | . . 44 Launcher . | . . . Special 1 | . . 1 Kinetic 182 | 20 153 9 Thermal 66 | . . 66 Explosive . | . . . Electromagnetic . | . . . Robot Hit Streak 19 | 5 10 19 Robot Miss Streak 4 | 3 4 2 Penetration Max . | . . . Secondary Targets 1 | . 1 . Max Gunslinging Chain 1 | . 1 . Shots Hit Robots 166 | 12 100 54 Core Hits 65 | 5 46 14 Critical Kills 2 | . . 2 Critical Parts Destroyed . | . . . Critical Strikes 2 | . . 2 Meltdown 2 | . . 2 Melee Attacks 16 | . . 16 Impact . | . . . Slashing 16 | . . 16 Piercing . | . . . Sneak Attacks . | . . . Combat Hostiles . | . . . Follow-up Attacks . | . . . Damage Inflicted 2727 | 167 1379 1181 Guns 1822 | 167 1279 376 Cannons 805 | . . 805 Explosions 100 | . 100 . Melee . | . . . Ramming . | . . . Kinetic 1535 | 167 1279 89 Thermal 1092 | . . 1092 Explosive 100 | . 100 . Electromagnetic . | . . . Impact . | . . . Slashing . | . . . Piercing . | . . . Highest Corruption 3 | . 3 3 Average Corruption 2 | . 2 3 Corruption Purged . | . . . Corruption Blocked . | . . . Effects 84 | . 29 55 Message Errors 19 | . 8 11 Matter Fused 18 | . 8 10 Heat Flow Errors 15 | . 7 8 Energy Discharges 8 | . . 8 Parts Rejected 1 | . 1 . Parts Fused 3 | . . 3 Data Loss (minor) 9 | . 2 7 Data Loss (major) 5 | . 1 4 Misfires 3 | . 1 2 Alerts 3 | . 1 2 Overload Shots . | . . . Overflow Damage . | . . . Projectiles . | . . . Explosions . | . . . Melee . | . . . Knockbacks . | . . . Impact . | . . . Kinetic . | . . . Secondary . | . . . Self-Inflicted Damage . | . . . Shots . | . . . Rammed . | . . . Targets Rammed . | . . . Kicked . | . . . Crushed . | . . . Highest Temperature 481 | 6 260 481 Average Temperature 100 | 6 90 110 Received Heat Transfer 534 | . 165 369 Effects 4 | . . 4 Shutdowns 1 | . . 1 Matter Decay 1 | . . 1 Short Circuit 1 | . . 1 Damage (minor) 1 | . . 1 Siege Activations . | . . . Robots Corrupted . | . . . Combat Hostiles . | . . . Parts Fried . | . . . Impact Corruptions . | . . . Robots Melted 2 | . . 2 Combat Hostiles 2 | . . 2 Parts Melted 5 | . . 5 Heat Transferred 1534 | . . 1534 Parts Sabotaged . | . . . Parts Stolen . | . . . Parts Stripped . | . . . Power Chain Reactions . | . . . Alert | -11 -10 -10 ------- Run | Yrd Mat Sub Peak Influence 429 | 20 429 . Initial 13 | . 13 . Average 176 | 6 183 . Maximum Alert Level 2 | . 2 . Low Security (%) 68 | 100 67 . Level 1 30 | . 31 . Level 2 . | . . . Level 3 . | . . . Level 4 . | . . . Level 5 . | . . . High Security . | . . . Max Security . | . . . Squads Dispatched 5 | . 5 . Investigation 4 | . 4 . Extermination . | . . . Reinforcement 1 | . 1 . Assault . | . . . Garrison . | . . . Intercept . | . . . Searches Triggered . | . . . Construction Impeded . | . . . Haulers Reinforced . | . . . Active Scanning Responses . | . . . Cargo Convoy Interrupts . | . . . Stealth | -11 -10 -10 --------- Run | Yrd Mat Sub Distress Signals 2 | . 2 . Communications Jammed . | . . . Distress Signals . | . . . Times Spotted 49 | . 36 13 Peak Tracking Total 6 | . 6 2 Tactical Retreats . | . . . Traps | -11 -10 -10 ------- Run | Yrd Mat Sub Traps Triggered 7 | . 5 2 Indirectly . | . . . Trap Hack Attempts . | . . . Triggered . | . . . Disarmed . | . . . Reprogrammed . | . . . Reused . | . . . Traps Extracted . | . . . Installed . | . . . Triggered . | . . . Machines | -11 -10 -10 ---------- Run | Yrd Mat Sub Machines Disabled 2 | . 1 1 Max in Single Turn 1 | . 1 1 Machines Repaired . | . . . Machines Dismantled . | . . . Machines Sabotaged . | . . . Overloaded Fab Kills . | . . . Hacking | -11 -10 -10 --------- Run | Yrd Mat Sub Machines Accessed 10 | . 8 2 Terminals 5 | . 5 . Fabricators . | . . . Repair Stations 1 | . 1 . Recycling Units 2 | . 2 . Scanalyzers . | . . . Garrison Access . | . . . Total Hacks 37 | . 27 10 Successful 25 | . 15 10 Failed 11 | . 11 . Catastrophic 1 | . 1 . Database Lockouts 1 | . 1 . Manual 10 | . 10 . Terminals 16 | . 16 . Fabricators . | . . . Repair Stations 5 | . 5 . Recycling Units 6 | . 6 . Scanalyzers . | . . . Garrison Access . | . . . Terminal Hacks 16 | . 6 10 Record 9 | . . 9 Robot Analysis 1 | . 1 . Prototype ID Bank 1 | . 1 . Branch Access Points 1 | . 1 . Repair Station Index 1 | . 1 . Locate Traps 2 | . 2 . Derelict Proto ID Bank 1 | . . 1 Fabricator Hacks . | . . . Repair Station Hacks 4 | . 4 . Scan Component 2 | . 2 . Repair 2 | . 2 . Recycling Unit Hacks 2 | . 2 . Retrieve Components 2 | . 2 . Scanalyzer . | . . . Garrison Access Hacks . | . . . Unauthorized Hacks 3 | . 3 . Terminals 1 | . 1 . Botnet 1 | . 1 . Fabricators . | . . . Repair Stations . | . . . Recycling Units 2 | . 2 . Tunnel 2 | . 2 . Scanalyzers . | . . . Garrison Access . | . . . Data Cores Recovered . | . . . Used . | . . . Hacking Detections 7 | . 7 . Full Trace Events 3 | . 3 . Feedback Events . | . . . Feedback Blocked . | . . . Robot Schematics Acquired . | . . . Robots Built . | . . . Authchips . | . . . Time . | . . . Total Robot Build Rating . | . . . Part Schematics Acquired . | . . . Parts Built . | . . . Authchips . | . . . Time . | . . . Total Part Build Rating . | . . . Parts Repaired 2 | . 2 . Time 26 | . 26 . Parts Recycled . | . . . Recycled Matter . | . . . Retrieved Matter . | . . . Retrieved Components 13 | . 13 . Parts Scanalyzed . | . . . Part Schematics Acquired . | . . . Parts Damaged . | . . . Bothacking | -11 -10 -10 ------------ Run | Yrd Mat Sub Used RIF Installer . | . . . Robots Hacked . | . . . Non-combat . | . . . Combat . | . . . Robot Hacks Applied . | . . . Relay Couplers Released . | . . . Fabnet Peak Effective % . | . . . Robots Rewired . | . . . Allies Hacked . | . . . Hacks Repelled . | . . . Allies | -11 -10 -10 -------- Run | Yrd Mat Sub Total Allies . | . . . Largest Group . | . . . Highest-Rated Group . | . . . Highest-Rated Ally . | . . . Total Orders . | . . . Ally Attacks . | . . . Total Damage . | . . . Kills . | . . . Allies Corrupted . | . . . Allies Melted . | . . . Intel | -11 -10 -10 ------- Run | Yrd Mat Sub Robot Analysis Total 1 | . 1 . Derelict Logs Recovered 1 | . . 1 Drone Launches . | . . . Drone Recoveries . | . . . Exploration | -11 -10 -10 ------------- Run | Yrd Mat Sub Turns Passed 5316 | 96 2497 2723 Spaces Moved 1934 | 53 1109 772 Core 13 | 10 . 3 Treads 1816 | . 1047 769 Legs . | . . . Wheels 105 | 43 62 . Hover . | . . . Flight . | . . . Fastest Speed 50 | 50 100 320 Average Speed 239 | 90 186 325 Slowest Speed 1700 | 100 320 1700 Overloaded Moves . | . . . Propulsion Burnouts . | . . . Robots Hopped . | . . . Cave-ins Triggered . | . . . Exploration Rate (%) 52 | 3 99 56 Regions Visited 2 Branch Regions 1 Pre-discovered Areas 3 | . 2 1 Known Exits Taken . | . . . Unknown Exits Taken 2 | 1 1 . Scrap Searched 17 | . . 17 Spaces Dug 4 | . . 4 Terrain Destroyed 24 | . 18 6 Melee 4 | . . 4 Projectile 2 | . . 2 AOE 18 | . 18 . Terrain Rammed . | . . . Walls Destroyed . | . . . Machines Disabled . | . . . Actions | -11 -10 -10 --------- Run | Yrd Mat Sub Total 2366 | 81 1394 891 Wait 166 | . 155 11 Move 1932 | 52 1108 772 Hop . | . . . Pick Up 54 | 12 21 21 Fast Attach 11 | . 9 2 Attach 17 | 7 2 8 Detach 3 | . 1 2 Swap 18 | . 8 10 Drop 24 | . 14 10 Fire 125 | 10 76 39 Melee 16 | . . 16 Ram . | . . . Kick . | . . . Crush . | . . . Escape Stasis . | . . . Rewire . | . . . Trap . | . . . Miscellaneous . | . . . Route ------- -11/Scrapyard -10/Materials (discovered 6 exits: [*Mat x3] / *Min x2 / *Sub) -10/Subcaves History --------- Turn | Location | Event 14 | -11/Scrapyard | Discovered new exit (range 14) 97 | -11/Scrapyard | Entered Materials 116 | -10/Materials | Identified exit to Mines 230 | -10/Materials | Central database locked down 323 | -10/Materials | Build established: Mutant 502 | -10/Materials | Discovered new exit (range 15) 932 | -10/Materials | Discovered new exit (range 15) 1172 | -10/Materials | Discovered new exit (range 4) 1247 | -10/Materials | Repaired Assault Rifle 1262 | -10/Materials | Repaired Lgt. Treads 2562 | -10/Materials | Discovered new exit (range 10) 2594 | -10/Materials | Entered Subcaves 2818 | -10/Subcaves | Shifting Twisted Machinery released Sub. Monowheel 2822 | -10/Subcaves | Shifting Twisted Machinery released Scrap Shield 3473 | -10/Subcaves | Visited 4L-MR0's lab 3503 | -10/Subcaves | Found Powered Cannon 3631 | -10/Subcaves | Shifting Twisted Machinery released Sub. Beam Cannon 3702 | -10/Subcaves | Shifting Twisted Machinery released Sub. Power Source 3790 | -10/Subcaves | Ambushed by Subdweller buried in earth 4163 | -10/Subcaves | Visited Clippyterm 5238 | -10/Subcaves | Ambushed by Subdwellers from Twisted Machinery 5251 | -10/Subcaves | Core integrity fell below 50% 5278 | -10/Subcaves | Core integrity fell below 20% 5317 | -10/Subcaves | Destroyed by VX-TPU(R) with Subdweller Beam Cannon Last Messages --------------- Machinery. 05239_ System corrupted: Heat flow error (+173). 05246_ Lgt. Treads destroyed. 05256_ System corrupted: Energy discharge (-105). 05259_ Overheating: Sub. Beam Cannon damaged (-12). 05260_ Destroyed Scrap Shield. 05263_ Disposable Heat Sink melted. 05263_ NF-WC8(R) destroyed. 05265_ Overheating: Matter decay (-35). 05267_ Power failure, Hvy. Ion Engine shutdown. 05269_ Sub. Beam Cannon destroyed. 05270_ Spk. Treads broken. 05270_ Overheating: Short circuit. 05271_ Broken Spk. Treads destroyed. 05271_ Hrd. Light Armor Plating destroyed. 05297_ Sub. Beam Cannon destroyed. 05303_ System corrupted: Matter fused (-5). 05315_ Hrd. Light Armor Plating destroyed. Map ----- +----------------------------------------------------+ | ???????# ###????????????????????????????????????? | | ??????## ##???????????????????????????????????? | | ?????## #???????????????????????????????????? | | ?????# ##???????????????????????????????????? | | ?????# ###????????????????????????????????????? | | ?????# ##??????????????###?????????????????????? | | ?????# ##?#####???##### #?????????????????????? | | ?????# ### ##### ##????????????????????? | | ?????## #?? ##????##?????????????? | | ??????# #### #??? ????????????? | | ??????# ## ##?# ????????????? | | ?????## ## ## ???????????? | | ????## #?# ????????????? | | ???## ## #### ???????????? | | ??## ##### ### ???????????? | | ??# #### #????????????????? | | ??## #????????????????? | | ???# ## #####????????????? | | ??## ## #????????????? | | ??# #????????????? | | ?## #????????????? | | ?# %* """##????????????? | | ?## ## "" ##?????????????? | | ??## #### "# #??????????????? | | ??## ##### R#### """"#?????????????? | | ?## ### ### @;#?? " ##?????????????? | | ?# ###?## #???" #??????????????? | | ?# ##????# ?? ""#??????????????? | | ?## ####????# ?? "#??????????????? | | ??## # ##??????# ? ???????????????? | | ???##### ###### " ???????????????? | | ??###### # """???????????????? | | ?##%## " ??????????????? | | ?#!&"##" ####### "??????????????? | | ?## | [ ## #???????# ??????????????? | | ?#%|#%# & #### #???????? ??????????????? | | ?##%###%& "#### ?????????? ?????????????? | | ######!&& ##??# ??????????? ??????????????? | | # * #???# ????????????????????????????? | | # #### #?????????????????????????????????? | | ##??? #?????????????????????????????????? | | #####????# #????????????????????????????????? | | # #????????? #???????????????????????????????? | | ####??????????####???????????????????????????????? | | ?????????????????????????????????????????????????? | | ?????????????????????????????????????????????????? | | ?????????????????????????????????????????????????? | | ?????????????????????????????????????????????????? | | ?????????????????????????????????????????????????? | | ?????????????????????????????????????????????????? | +----------------------------------------------------+ Best States ------------- Heat Dissipation 25 Energy Generation 14 Energy Capacity 280 Matter Stores 300 Matter Capacity 300 Sight Range 16 Robot Scan Range 14 Terrain Scan Density 10 Armor Coverage 150 Evasion (%) 50 Recoil Reduction 2 Item Schematics ----------------- None Robot Schematics ------------------ None Fabricated ------------ Nothing Alien Tech Used ----------------- None Achievements -------------- None Challenges ------------ None Game ------ Seed TargetProcessingMeganuke Manual? 0 Play Time 00:37:16 Cumulative 154.9 hours Start 2024.06.18 @ 04:59:28 End 2024.06.18 @ 12:25:25 Sessions 3 Manual Loads 0 Difficulty Rogue Special Mode None Game No. 135 Rogue 130 Adventurer 5 Explorer 0 Win Type - Total 3 Types 2/0/1/0/0/0/0/0/0 Lore% 63 Gallery% 75 Achievement% 53 Wizard Run 0 Options --------- Layout 2 ASCII 0 Keyboard 0 Movement Mouse Keybinds 0 Fullscreen 2 Font 24/Smallcaps Map View 50x44 Zoom Use 0% Tactical HUD 1 Map Filters NONE Filters NONE Steam 1 RUN: 116c98e0-1c73-4d74-8bb9-6242bed8d5a9